 Dungeon Crawl Stone Soup version 0.26.1-11-gd32895ea62 (webtiles) character file.

Game seed: 13011388382741519673

786 Beepinex the Thaumaturge (level 7, -3/37 HPs)
             Began as a Deep Elf Necromancer on May 27, 2021.
             Shot with an arrow by a centaur (12 damage)
             ... on level 5 of the Dungeon.
             The game lasted 00:21:40 (5847 turns).

Beepinex the Thaumaturge (Deep Elf Necromancer)     Turns: 5847, Time: 00:21:44

Health: -3/37      AC:  2    Str:  5    XL:     7   Next: 56%
Magic:  16/20      EV: 17    Int: 22    God:
Gold:   218        SH:  0    Dex: 15    Spells: 8/22 levels left

rFire    . . .     SeeInvis .   e - +3 dagger (venom)
rCold    . . .     Faith    .   (no shield)
rNeg     . . .     Spirit   .   a - +0 robe
rPois    .         Reflect  .   (no helmet)
rElec    .         Harm     .   (no cloak)
rCorr    .         Rampage  .   (no gloves)
Will     .....                  (no boots)
Stlth    ++........             b - amulet of magic regeneration
HPRegen  0.12/turn              h - +4 ring of evasion
MPRegen  0.42/turn              (no ring)

@: no status effects
A: no striking features
a: no special abilities


You were on level 5 of the Dungeon.
You visited 1 branch of the dungeon, and saw 5 of its levels.

You collected 218 gold pieces.

Inventory:

Hand Weapons
 e - a +3 dagger of venom (weapon)
Armour
 a - a +0 robe (worn)
Jewellery
 b - an amulet of magic regeneration (around neck)
 h - a +4 ring of evasion (left hand)
 n - an uncursed amulet of faith
 o - an uncursed amulet of reflection
Wands
 c - a wand of polymorph (12)
 i - a wand of acid (7)
 j - a wand of disintegration (8)
Scrolls
 k - a scroll of fog
 l - a scroll of magic mapping {unknown}
 m - a scroll of teleportation
Potions
 f - a potion of lignification {unknown}
 g - 2 potions of heal wounds {unknown}


   Skills:
 + Level 0.6 Fighting
 + Level 1.5 Short Blades
 + Level 3.0 Dodging
 - Level 2.4 Stealth
 + Level 8.2 Spellcasting
 + Level 8.1 Necromancy


You had 8 spell levels left.
You knew the following spells:

 Your Spells              Type           Power        Failure   Level
a - Pain                  Necr           100%         1%          1
b - Animate Skeleton      Necr           90%          1%          1
c - Vampiric Draining     Necr           22%          1%          3
d - Animate Dead          Necr           22%          2%          4
e - Agony                 Necr           45%          7%          5

Your spell library contained the following spells:

 Spells                   Type           Power        Failure   Level


Dungeon Overview and Level Annotations

Branches:
Dungeon (5/15)
 Temple: D:4-7

Altars:
Dithmenos
Fedhas
Gozag
Nemelex Xobeh
Yredelemnul
The Shining One


Message History

You see here an arrow.
Casting: Pain (safe; 1% risk of failure)
Confirm with . or Enter, or press ? or * to list all spells.
Aiming: Pain (safe; 1% risk of failure)
Press: ? - help, Shift-Dir - straight line, f/p - ogre
Aim: an ogre, wielding a +0 giant club (moderately wounded, chance to affect: 84%)
The ogre writhes in agony!
The centaur shoots an arrow.
The arrow completely misses you.
A worker ant comes into view.
The centaur shoots an arrow.
The arrow hits you!
* * * LOW HITPOINT WARNING * * *
Casting: Pain (safe; 1% risk of failure)
Confirm with . or Enter, or press ? or * to list all spells.
Aiming: Vampiric Draining (safe; 1% risk of failure)
Press: ? - help, Shift-Dir - straight line, f/p - ogre
Aim: an ogre, wielding a +0 giant club (heavily wounded)
You kill the ogre!
You feel life coursing into your body.
The centaur shoots an arrow.
The arrow hits you!
You die...

#......####
#..........
#..........
B#+###+#####
#..........
...c.......#
##.........
...........#
#.........
...........#
#.....#+##
...........# #.....#
# ......)@...#
#.....# .)......(..#
#.....#
...........####.....#
########..(.......###
#..........#
#..........#
#..........+
#..........#
############


You could see a centaur and a worker ant.

Vanquished Creatures
  A sky beast (D:5)
  An ice beast (D:5)
  An ogre (D:5)
  A scorpion (D:4)
  2 bullfrog skeletons (D:4)
  3 hounds
  A centaur skeleton (D:4)
  An orc priest (D:3)
  2 iguanas (D:4)
  An orc wizard (D:4)
  3 worker ants
  Robin (D:2)
  A gnoll (D:1)
  5 adders
  2 shadow imps (D:5)
  A white imp (D:5)
  An adder skeleton (D:4)
  A worm (D:2)
  2 dart slugs
  2 leopard geckos (D:3)
  8 orcs
  2 giant cockroaches
  12 goblins
  18 hobgoblins
  9 kobolds
  2 quokkas (D:4)
  9 bats
  3 frilled lizards
  A leopard gecko skeleton (D:4)
  4 rats
101 creatures vanquished.

Vanquished Creatures (collateral kills)
  A worm (D:3)
  3 hobgoblins (D:3)
  A bat (D:3)
5 creatures vanquished.

Grand Total: 106 creatures vanquished

Notes
Turn   | Place    | Note
-------+----------+-------------------------------------------
     0 | D:1      | Beepinex the Deep Elf Necromancer began the quest for the
                  | Orb.
     0 | D:1      | Reached XP level 1. HP: 10/10 MP: 6/6
     2 | D:1      | Learned a level 1 spell: Animate Skeleton
   144 | D:1      | Reached skill level 5 in Necromancy
   321 | D:1      | Reached XP level 2. HP: 8/15 MP: 1/8
  1472 | D:2      | Reached XP level 3. HP: 15/19 MP: 5/10
  1817 | D:2      | Found a basalt altar of Yredelemnul.
  1819 | D:2      | Found a shadowy altar of Dithmenos.
  2124 | D:2      | Learned a level 3 spell: Vampiric Draining
  2260 | D:2      | Found a faded altar of an unknown god.
  2624 | D:2      | Reached XP level 4. HP: 15/24 MP: 4/12
  2939 | D:3      | Noticed Robin
  3116 | D:2      | Killed Robin
  3396 | D:3      | Learned a level 4 spell: Animate Dead
  3443 | D:3      | Reached skill level 5 in Spellcasting
  3443 | D:3      | Reached XP level 5. HP: 15/28 MP: 6/14
  4380 | D:4      | Reached XP level 6. HP: 31/32 MP: 11/17
  4731 | D:4      | Found a sparkling altar of Nemelex Xobeh.
  4740 | D:4      | Found an opulent altar of Gozag.
  4751 | D:4      | Found a glowing golden altar of the Shining One.
  4767 | D:4      | Found a blossoming altar of Fedhas.
  5158 | D:4      | Learned a level 5 spell: Agony
  5537 | D:4      | Reached skill level 1 in Short Blades
  5537 | D:4      | Reached XP level 7. HP: 33/37 MP: 15/19
  5654 | D:5      | Entered Level 5 of the Dungeon
  5847 | D:5      | Shot with an arrow by a centaur

Illustrated notes

Levels and vault maps discovered:
D:1:      lightli_arrival_statue_moat, layout_loops_corners
D:2:      layout_basic, nicolae_overflow_hidden_temple,
          chequers_ecumenical_altar_grove
D:3:      minmay_general_purpose_star, layout_basic, supply_closet_lemuel,
          minmay_distorted, uniq_robin
D:4:      layout_loops_ring, grunt_temple_overflow_cloverleaf
D:5:      layout_gridville

Skill      XL: |  1  2  3  4  5  6  7 |
---------------+----------------------+-----
Necromancy     | 5 6 7 8 |  8.1
Spellcasting   | 4 5 6 7 8 |  8.2
Short Blades   | 1 |  1.5
Dodging        | 3 |  3.0
Fighting       | |  0.6
Stealth        | |  2.4

Action                   |  1- 3 |  4- 6 |  7- 9 || total
-------------------------+-------+-------+-------++-------
Melee: Dagger            |       |    51 |       ||    51
 Cast: Pain              |    65 |    69 |    14 ||   148
       Animate Skeleton  |    17 |    20 |     1 ||    38
       Vampiric Draining |     2 |    29 |     7 ||    38
       Animate Dead      |       |     2 |       ||     2
       Agony             |       |       |     1 ||     1
Evoke: Wand              |       |       |     4 ||     4
  Use: Scroll            |       |     7 |     2 ||     9
       Potion            |       |     1 |       ||     1
Armor: Robe              |     2 |    13 |       ||    15
Dodge: Dodged            |     9 |   106 |    15 ||   130
